 Dungeon Crawl Stone Soup version 0.32-a0-450-g080537f31e (webtiles) character file.

Game seed: 16688507642508571426

70 Aldia the Chopper (level 4, -7/32 (38) HPs)
             Began as a Mountain Dwarf Reaver on Feb 24, 2024.
             Killed by divine providence
             ... invoked by an orc priest
              (15 damage)
             ... on level 3 of the Dungeon.
             The game lasted 00:03:09 (1464 turns).

Aldia the Chopper (Mountain Dwarf Reaver)           Turns: 1464, Time: 00:03:10

HP:   -7/32 (38)    AC:  9    Str: 16    XL:     4   Next: 4%
MP:   7/7           EV:  7    Int: 14    God:
Gold: 10            SH:  0    Dex:  8    Spells: 6/7 levels left

rFire   . . .        a - +0 hand axe
rCold   . . .        (no shield)
rNeg    . . .        k - +0 chain mail
rPois   .            c - +1 hat
rElec   .            (no cloak)
rCorr   .            (no gloves)
SInv    .            (no boots)
Will    .....        (no amulet) Stlth
                     (no ring)
HPRegen 0.25/turn    (no ring)
MPRegen 0.10/turn

%: no passive effects
@: heavily drained
A: runic magic, artefact enchanting
a: Convert to Beogh


You were on level 3 of the Dungeon.
You visited 1 branch of the dungeon, and saw 3 of its levels.

You collected 133 gold pieces.
You spent 123 gold pieces at shops.

Inventory:

Hand Weapons
 a - a +0 hand axe (weapon)
Missiles
 g - 3 curare-tipped darts
Armour
 b - a +0 leather armour
 c - a +1 hat (worn)
 k - a +0 chain mail (worn)
Jewellery
 n - a ring of wizardry
Scrolls
 d - 3 scrolls of teleportation
 h - a scroll of enchant armour {unknown}
 j - a scroll of fog {unknown}
 l - a scroll of silence {unknown}
 p - a scroll of blinking
Potions
 e - a potion of enlightenment
 f - a potion of resistance
 i - a potion of curing {unknown}
 m - a potion of magic {unknown}
 o - 2 potions of might {unknown}


   Skills:
 + Level 3.1 Fighting
 * Level 4.6 Axes
 + Level 1.0 Armour
 - Level 1.3 Dodging
 - Level 2.0 Spellcasting
 - Level 3.0 Conjurations
 - Level 0.6 Necromancy


You had 6 spell levels left.
You knew the following spells:

 Your Spells              Type           Power      Damage    Failure   Level
a - Kiss of Death         Conj/Necr      24%        2d7       22%         1

Your spell library contained the following spells:

 Spells                   Type           Power      Damage    Failure   Level
 Momentum Strike          Conj/Tloc      10%        3d8       36%         2
 Blink                    Tloc           2%         N/A       56%         2
 Lesser Beckoning         Tloc           2%         N/A       56%         2
 Hailstorm                Conj/Ice       5%         3d5       58%         3


Dungeon Overview and Level Annotations

Branches:
Dungeon (3/15)

Altars:
Hepliaklqana

Shops:
D:1 [?   D:2 ?


Innate Abilities, Weirdness & Mutations

Your spellcasting is much less encumbered by armour.
You can use scrolls of enchantment on lesser artefacts.


Message History

The orc wizard barely misses you.
You closely miss the orc wizard.
The orc wizard is heavily wounded.
You hit the frilled lizard.
You kill the frilled lizard!
The orc wizard hits you but does no damage.
You barely miss the orc wizard.
The orc wizard is heavily wounded.
The orc wizard hits you but does no damage.
The orc priest looks braver for a moment.
You barely miss the orc wizard.
The orc wizard is heavily wounded.
The orc wizard hits you but does no damage.
The orc priest calls down the wrath of Beogh upon you.
Beogh smites you!
You barely miss the orc wizard.
The orc wizard is heavily wounded.
The orc wizard closely misses you.
The orc priest calls upon Beogh to heal the orc wizard.
The orc wizard is healed somewhat.
The orc priest shouts, "Beogh offers mercy even to people such as you.
Join us and be reborn!"
You hit the orc wizard.
The orc wizard is lightly wounded.
The orc priest shouts, "The Pantheon deserves no one's loyalty.
Let us show you the true path!"
The orc wizard hits you with a +0 dagger.
* * * LOW HITPOINT WARNING * * *
The orc priest begins to cast a cantrip, but forgets the words!
You closely miss the orc wizard.
The orc wizard is lightly wounded.
The orc wizard gestures wildly while chanting.
The orc wizard flickers and vanishes!
Deactivating autopickup; reactivate with Ctrl-A.
Unknown command.
Unknown command.
Okay, then.
You hit something. Something hits you but does no damage.
You hit something. Something hits you but does no damage.
The orc priest invokes the aid of Beogh against you.
Beogh smites you!
You die...

#..>#.#.###.#..
...#.#.#..<# ##
.o..##### #.. ....
##..##o####### #
...o......... ###.#
#..o.......
......###o###
......†@{o..#
#########.#.# #...#.#
#.#.#.### #.#.#.#..
#.#.#.#.#
##########.#.#.#.#
######..........#.#.#.#
#<......≈≈≈≈≈≈≈...#.#.#


You could see an orc priest (very drained) and an orc.

Vanquished Creatures
  A hound (D:3)
  A dart slug (D:1)
  An orc (D:3)
  6 ball pythons
  An endoplasm (D:1)
  2 giant cockroaches
  3 goblins
  A hobgoblin (D:1)
  6 jackals (D:2)
  2 kobolds (D:1)
  6 frilled lizards
  7 rats
37 creatures vanquished.

Notes
Turn   | Place    | Note
-------+----------+-------------------------------------------
     0 | D:1      | Aldia the Mountain Dwarf Reaver began the quest for the
                  | Orb.
     0 | D:1      | Reached XP level 1. HP: 17/17 MP: 3/3
   162 | D:1      | Found Hiluot's Magic Scroll Emporium.
   201 | D:1      | Reached XP level 2. HP: 24/25 MP: 4/4
   208 | D:1      | Reached skill level 4 in Axes
   306 | D:1      | Bought a scroll of identify for 26 gold pieces
   499 | D:1      | Found Sefyliti's Armour Shop.
   812 | D:2      | Found a faded altar of an unknown god.
   881 | D:2      | Reached XP level 3. HP: 30/30 MP: 6/6
  1043 | D:2      | Found Zelilubi's Magic Scroll Boutique.
  1322 | D:1      | Bought a scroll of blinking for 97 gold pieces
  1379 | D:3      | Found a hazy altar of Hepliaklqana.
  1395 | D:3      | Reached skill level 1 in Armour
  1447 | D:3      | Reached XP level 4. HP: 20/38 MP: 7/7
  1464 | D:3      | Killed from afar by an orc priest

Illustrated notes

Levels and vault maps discovered:
D:1:      lightli_arrival_isolated_outpost, layout_loops_ring, serial_shops,
          nicolae_shop_tiny_waterfront, nicolae_shop_behind_doors, st_stairs_13
D:2:      layout_rooms, serial_shops, shop_statue,
          dilly_ecumenical_altar_fadedgnrine
D:3:      minmay_recursive_quarters, layout_basic, mainiacjoe_overflow_catwalk,
          marbit_many_paths, ebering_ghost_rock_garden, serial_shops, shop,
          nicolae_shop_waterfront, grunt_ministairs_15, minmay_quantized

Skill      XL: |  1  2  3 |
---------------+----------+-----
Axes           | 4 |  4.6
Spellcasting   | 2 |  2.0
Conjurations   | 3 |  3.0
Fighting       | 3 |  3.1
Armour         | 1 |  1.0
Dodging        | |  1.3
Necromancy     | |  0.6

Action                     |  1- 3 |  4- 6 || total
---------------------------+-------+-------++-------
  Melee: Hand axe          |   105 |    17 ||   122
   Cast: Kiss of Death     |       |     1 ||     1
    Use: Scroll            |     3 |       ||     3
 Armour: Leather armour    |    48 |       ||    48
         Chain mail        |    36 |    17 ||    53
  Dodge: Dodged            |    62 |     5 ||    67

Table legend: (Time is in decaauts)
 A = Elapsed time spent in this place.
 B = Non-inter-level travel time spent in this place.
 C = Inter-level travel time spent in this place.
 D = Time resting spent in this place.
 E = Time spent auto-exploring this place.
 F = Levels seen in this place.
 G = Mean time per level.
                   A        B        C        D        E       F      G
               +--------+--------+--------+--------+--------+-----+--------+
         Total |   1483 |   1357 |    126 |      0 |    979 |   3 |  494.3 |
       Dungeon |   1483 |   1357 |    126 |      0 |    979 |   3 |  494.3 |
               +--------+--------+--------+--------+--------+-----+--------+

Top non-repeatable levels by time:
     D:1: 840 daAuts
     D:2: 539 daAuts
     D:3: 103 daAuts
